AoeStats
← Hagen

Arena

508847430Analyzed
1v1 RM · 9d ago on Sep 24, 2026· 20m 55s· 2 players
Game mode
Random Map
Map size
Tiny (2 player)
Population
200
Speed
Normal
Resources
Standard
Victory
Conquest
Starting age
Dark Age
Ending age
Imperial Age
RankedLock teamsTeams togetherTeam positionsShared explorationLock speedFull tech treeHidden civsTurbo modeCheats
Victory
Defeat
🇩🇪 Japanese · Germany
1122
+14
🇩🇰 Danes · Denmark
1086
-14
Pointy Boy
11:55 Feudal Age
13:09 Double-Bit Axe
15:48 Castle Age
13:34 Loom
15:08 Horse Collar
15:47 Stone Mining
16:46 Squires
16:47 Pikeman
20:52 Wheelbarrow
20:41 Scale Mail Armor
20:32 Arson
Hagen
10:24 Feudal Age
15:16 Castle Age
14:44 Stone Mining
14:46 Double-Bit Axe
17:11 Scale Mail Armor
Connection lost

Rejoining the realm…

Still unreachable

The connection could not be restored.

Session expired

The server has moved on; the page needs a fresh start.